 Dungeon Crawl Stone Soup version 0.32-a0-612-g1c984fe9d1 (webtiles) character file.

Game seed: 12452381767788743736

1198 ezpacito the Trooper (level 8, -2/61 HPs)
             Began as a Coglin Chaos Knight on Mar 4, 2024.
             Was a Plaything of Xom.
             Slain by a gnoll sergeant
             ... wielding a +0 trident of venom
              (4 damage)
             ... on level 6 of the Dungeon.
             The game lasted 00:09:53 (4389 turns).

ezpacito the Trooper (Coglin Chaos Knight)          Turns: 4389, Time: 00:09:54

Health: -2/61      AC:  9    Str: 14    XL:     8   Next: 44%
Magic:  8/8        EV:  8    Int: 11    God:    Xom [..*...]
Gold:   317        SH:  0    Dex: 15    Spells: 7/7 levels left

rFire   . . .        f - +4 whip (chaos) {Enrique}
rCold   . . .        a - +0 hand axe (chaos) {Hong}
rNeg    . . .        t - +0 chain mail
rPois   .            (no helmet)
rElec   .            (no cloak)
rCorr   .            (no gloves)
SInv    .            (no boots)
Will    .....        (amulet unavailable) Stlth
                     (ring unavailable)
HPRegen 0.30/turn    (ring unavailable)
MPRegen 0.11/turn    (no gizmo)

%: no passive effects
@: brilliant, lethally poisoned (-2 -> -22), revved
A: off-hand wielding, slow wielding, warmup strikes, no jewellery
a: Invent Gizmo, Renounce Religion


You were on level 6 of the Dungeon.
You worshipped Xom.
You were a toy of Xom.
You visited 2 branches of the dungeon, and saw 7 of its levels.

You collected 317 gold pieces.

Inventory:

Hand Weapons
 a - a +0 hand axe of chaos (offhand) {Hong}
 f - a +4 whip of chaos (weapon) {Enrique}
 y - a +1 war axe of distortion
 C - a +0 trident {Shunnareh}
Missiles
 k - 12 poisoned darts
 A - 5 boomerangs
Armour
 r - a +0 plate armour
 t - a +0 chain mail (worn)
Talismans
 q - a beast talisman
Wands
 e - a wand of roots (5)
 n - a wand of polymorph (8)
 w - a wand of acid (8)
Scrolls
 b - a scroll of torment {unknown}
 c - a scroll of brand weapon {unknown}
 g - a scroll of fog {unknown}
 h - 2 scrolls of amnesia {unknown}
 i - a scroll of revelation {unknown}
 m - 2 scrolls of enchant armour {unknown}
 p - a scroll of immolation {unknown}
 u - 2 scrolls of fear {unknown}
 v - 2 scrolls of teleportation {unknown}
 B - 3 scrolls of blinking
Potions
 j - a potion of enlightenment
 o - 3 potions of brilliance
 s - a potion of mutation
 x - a potion of haste {unknown}
 z - a potion of degeneration {unknown}


   Skills:
 * Level 4.9 Fighting
 * Level 4.9(5.7) Axes
 * Level 3.0(4.2) Maces & Flails
 + Level 2.1(3.6) Polearms
 * Level 3.9 Armour
 * Level 3.5 Dodging
 + Level 2.1 Stealth
 + Level 2.4 Evocations


You had 7 spell levels left.
You didn't know any spells.
Your spell library contained the following spells:

 Spells                   Type           Power      Damage    Failure   Level
 Freeze                   Ice            0%         1d3       99%         1
 Magic Dart               Conj           0%         1d3       99%         1
 Cigotuvi's Dreadful Rot  Necr/Alch/Air  0%         N/A       100%        2
 Searing Ray              Conj           0%         2d4       100%        2
 Frozen Ramparts          Ice            0%         1d1       100%        3
 Hailstorm                Conj/Ice       0%         3d5       100%        3
 Fulminant Prism          Conj/Alch      0%         3d5       100%        4
 Ignite Poison            Fire/Alch      0%         N/A       100%        4
 Summon Lightning Spire   Summ/Air       0%         N/A       100%        4
 Arcjolt                  Conj/Air       0%         1d10      100%        5
 Freezing Cloud           Conj/Ice/Air   0%         6-21      100%        5
 Malign Gateway           Summ/Tloc      0%         N/A       100%        7


Dungeon Overview and Level Annotations

Branches:
Dungeon (6/15)             Temple (1/1) D:4

Altars:
Ashenzari
Cheibriados
Dithmenos
Elyvilon
Gozag
Hepliaklqana
Kikubaaqudgha
Makhleb
Nemelex Xobeh
Qazlal
Ru
Sif Muna
Trog
Uskayaw
Vehumet
Wu Jian
Xom
Yredelemnul
Zin
The Shining One

Shops:
D:6 (


Innate Abilities, Weirdness & Mutations

You can wield a second weapon in your off-hand.
It takes a long time for you to wield or remove held weapons.
Your first few attacks do less damage.
You cannot equip rings or amulets.


Message History

The gnoll hits you from afar with a +0 spear.
The gnoll completely misses you.
You take 5 damage, and have 36/61 hp.
You feel sick. The gnoll hits you but does no damage.
The gnoll sergeant hits you with a +0 trident of venom.
You are more poisoned.
The gnoll hits you but does no damage.
You take 7 damage, and have 29/61 hp.
You hit the gnoll sergeant but do no damage.
The gnoll sergeant is severely wounded.
You barely miss the gnoll with your +0 hand axe of chaos.
You closely miss the gnoll with your +0 hand axe of chaos.
The gnoll sergeant blocks your attack.
You feel very sick. The gnoll hits you but does no damage.
The gnoll sergeant hits you but does no damage.
You are more poisoned.
The gnoll hits you but does no damage.
You take 4 damage, and have 25/61 hp.
You hit the gnoll but do no damage. The gnoll sergeant blocks your attack.
You hit the gnoll with your +0 hand axe of chaos.
The gnoll is poisoned.
You closely miss the gnoll with your +4 whip of chaos.
You feel very sick.
The gnoll sergeant hits you with a +0 trident of venom!
* * * LOW HITPOINT WARNING * * *
You are more poisoned.
The gnoll barely misses you. The gnoll hits you with a +0 club.
* * * LOW HITPOINT WARNING * * *
You take 18 damage, and have 7/61 hp.
MASSIVE DAMAGE!!
The gnoll sergeant blocks your attack.
The gnoll sergeant is almost dead.
You barely miss the gnoll sergeant with your +0 hand axe of chaos.
You hit the gnoll with your +0 hand axe of chaos. x2
* * * LOW HITPOINT WARNING * * *
You feel very sick. The gnoll barely misses you.
The gnoll sergeant hits you with a +0 trident of venom.
You die... "What!?
That's it?"

## .######
.#..... ##.....#
###....>.###
###g.........#
#...@g.......#
#....#g.........
...##
#)......... .
#..........
##.......)..
#...........
#...........
#...........
#...........


You could see a gnoll sergeant (poisoned) and 2 gnolls.

Vanquished Creatures
  Sigmund (D:5)
  3 ogres
  A phantom (D:5)
  A scorpion (D:5)
  4 hounds (D:5)
  4 orc priests
  A sleepcap (D:5)
  2 iguanas
  2 orc wizards
  6 gnolls
  6 adders
  3 ribbon worms
  A dart slug (D:1)
  29 orcs
  9 ball pythons
  4 endoplasms
  4 giant cockroaches
  9 hobgoblins
  8 jackals (D:2)
  3 quokkas
  4 bats
  2 frilled lizards (D:1)
  4 goblins
  2 kobolds (D:3)
  2 rats
115 creatures vanquished.

Vanquished Creatures (collateral kills)
  An orc priest (D:6)
  An orc wizard (D:6)
  An orc (D:6)
3 creatures vanquished.

Grand Total: 118 creatures vanquished

Notes
Turn   | Place    | Note
-------+----------+-------------------------------------------
     0 | D:1      | ezpacito the Coglin Chaos Knight began the quest for the
                  | Orb.
     0 | D:1      | Reached XP level 1. HP: 18/18 MP: 1/1
    31 | D:1      | Reached skill level 1 in Dodging
   259 | D:1      | Reached XP level 2. HP: 19/24 MP: 2/2
   443 | D:1      | XOM: potion effect (haste)
   447 | D:1      | Reached XP level 3. HP: 12/29 MP: 3/3
   989 | D:2      | XOM: 3-stop teleportation journey
  1139 | D:2      | XOM: god gift: Trismegistus Codex
  1646 | D:3      | Reached XP level 4. HP: 35/35 MP: 4/4
  1842 | D:3      | XOM: smoke on damage
  1850 | D:3      | Reached skill level 1 in Polearms
  1850 | D:3      | Reached XP level 5. HP: 21/41 MP: 5/5
  1851 | D:3      | XOM: 1-stop teleportation journey
  2010 | D:3      | Found a faded altar of an unknown god.
  2101 | D:3      | Reached skill level 1 in Maces & Flails
  2101 | D:3      | Reached skill level 1 in Stealth
  2392 | D:4      | XOM: stealth player
  2409 | D:4      | XOM: chaos upgrade
  2510 | D:4      | Reached XP level 6. HP: 48/48 MP: 6/6
  2525 | D:4      | Found a staircase to the Ecumenical Temple.
  2536 | Temple   | Entered the Ecumenical Temple
  2735 | D:4      | Got the Folio of the Swarm and the Squall
  2832 | D:4      | XOM: silly message
  2954 | D:4      | :4
  3039 | D:5      | Entered Level 5 of the Dungeon
  3150 | D:5      | Noticed Sigmund
  3158 | D:5      | Reached skill level 1 in Evocations
  3158 | D:5      | Killed Sigmund
  3159 | D:5      | Reached XP level 7. HP: 30/54 MP: 7/7
  3311 | D:5      | XOM: silly message
  3420 | D:5      | XOM: divination: magic mapping
  3589 | D:5      | Reached XP level 8. HP: 23/61 MP: 8/8
  4178 | D:6      | Found Hakiotih's Antique Weapon Emporium.
  4188 | D:6      | XOM: noise
  4190 | D:6      | XOM: cast spell 'Summon Ice Beast'
  4378 | D:6      | XOM: potion effect (brilliance)
  4389 | D:6      | HP: 2/61 [poisoned by a gnoll sergeant]
  4389 | D:6      | Slain by a gnoll sergeant

Illustrated notes

######## ###
#@.....# #..
#.####.# #.# #.#
#.# #.# #.# #(#
#.# #.# #.# #.#
#.# #.# #.# #.#
#.# ###.. #.#
#.#######....
#.####.........##.


Turn 2954 on D:4: :4

Levels and vault maps discovered:
D:1:      sevenhm_arrival_forest_fort_small_6, layout_basic
D:2:      layout_loops_corners
D:3:      layout_rooms, shapermc_ecumenical_altar_ellora
D:4:      layout_loops_ring, minmay_temple_entry_offerings,
          amcnicky_mini_corridor_feature, grunt_decor_junction
D:5:      layout_gridville, uniq_sigmund
D:6:      layout_cave_pods, serial_shops, nicolae_shop_overgrown_old_shop
Temple:   nicolae_temple_bog_church

Skill      XL: |  1  2  3  4  5  6  7  8 |
---------------+-------------------------+-----
Dodging        | 1 2 3 |  3.5
Armour         | 2 3 |  3.9
Polearms       | 1 2 |  2.1
Maces & Flails | 1 2 3 |  3.0
Stealth        | 1 2 |  2.1
Axes           | 4 |  4.9
Fighting       | 4 |  4.9
Evocations     | 1 2 |  2.4

Action                     |  1- 3 |  4- 6 |  7- 9 || total
---------------------------+-------+-------+-------++-------
  Melee: Hand axe          |    90 |    78 |    76 ||   244
         Dagger            |    81 |    43 |       ||   124
         Trident           |       |     8 |       ||     8
         Whip              |       |    23 |    82 ||   105
    Use: Scroll            |     4 |     2 |     2 ||     8
         Potion            |       |     6 |     4 ||    10
   Stab: Held in net/web   |     1 |       |     1 ||     2
         Sleeping          |       |     4 |       ||     4
         Paralysed         |       |     1 |     1 ||     2
         Confused          |       |       |     1 ||     1
 Armour: Leather armour    |    90 |    55 |    25 ||   170
         Skin              |       |     3 |     2 ||     5
         Chain mail        |       |       |    53 ||    53
  Dodge: Dodged            |    78 |    38 |    50 ||   166

Table legend: (Time is in decaauts)
 A = Elapsed time spent in this place.
 B = Non-inter-level travel time spent in this place.
 C = Inter-level travel time spent in this place.
 D = Time resting spent in this place.
 E = Time spent auto-exploring this place.
 F = Levels seen in this place.
 G = Mean time per level.
                   A        B        C        D        E       F      G
               +--------+--------+--------+--------+--------+-----+--------+
         Total |   4379 |   4112 |    267 |    176 |   3050 |   7 |  625.6 |
       Dungeon |   4375 |   4108 |    267 |    176 |   3050 |   6 |  729.2 |
        Temple |      4 |      4 |      0 |      0 |      0 |   1 |    4.0 |
               +--------+--------+--------+--------+--------+-----+--------+

Top non-repeatable levels by time:
     D:5: 1119 daAuts
     D:2: 919 daAuts
     D:1: 751 daAuts
     D:3: 711 daAuts
     D:4: 645 daAuts
     D:6: 228 daAuts
  Temple: 4 daAuts
